SKY
SAN FRANCISCO GIANTS @ HOUSTON ASTROS
05/26/2052
 
TOP OF THE 1ST
San Francisco Giants batting - Pitching for Houston Astros : LHP Jordan Dozier
Pitching: LHP Jordan Dozier
Batting: RHB Kaiden Clackum 0-0: Ground out 4-3 (Groundball, 4, EV 82.5 MPH)
Batting: RHB Zavier Austin 0-0: Foul Ball, location: 7LMF
0-1: Ground out 5-3 (Groundball, 56S, EV 86.3 MPH)
Batting: RHB Theodore Phu 0-0: Called Strike
0-1: Ball
1-1: Fly out, F6 (Line Drive, 6, EV 71.9 MPH)
Top of the 1st over - 0 runs, 0 hits, 0 errors, 0 left on base; San Francisco 0 - Houston 0
BOTTOM OF THE 1ST
Houston Astros batting - Pitching for San Francisco Giants : RHP D.J. Newton
Pitching: RHP D.J. Newton
Batting: RHB Nicky Alvarez 0-0: Ball
1-0: Ball
2-0: Ball
3-0: Called Strike
3-1: Ground out 4-3 (Groundball, 4S, EV 85.0 MPH)
Batting: RHB Joshua Massengill 0-0: Called Strike
0-1: Swinging Strike
0-2: Ball
1-2: Strikes out swinging
Batting: RHB Stephan Davis 0-0: Called Strike
0-1: Foul Ball, location: 3SF
0-2: Ball
1-2: Ball
2-2: SINGLE (Flyball, 8RS, EV 94.4 MPH)
Batting: RHB Bill Thyfault 0-0: SINGLE (Groundball, 34D, EV 110.6 MPH)
Stephan Davis to second
Runner from 2nd tries for 3rd, SAFE, throw by RF made to third
Batting: RHB Rick Howard 0-0: Called Strike
0-1: Ball
1-1: Ball
2-1: Foul Ball, location: 5F
2-2: Strikes out swinging
Bottom of the 1st over - 0 runs, 2 hits, 0 errors, 2 left on base; San Francisco 0 - Houston 0
TOP OF THE 2ND
San Francisco Giants batting - Pitching for Houston Astros : LHP Jordan Dozier
Batting: RHB Solomon Ding 0-0: Ball
1-0: Ball
2-0: Swinging Strike
2-1: Fly out, F8 (Flyball, 8RD, EV 101.9 MPH)
Batting: RHB Jackson Maul 0-0: Called Strike
0-1: Ball
1-1: Ball
2-1: Ball
3-1: Base on Balls
Batting: RHB Rhett Damewood 0-0: Ball
1-0: Fielders Choice at 2nd, 5-4 (Groundball, 5S, EV 87.5 MPH)
Batting: RHB Nolan Peterson 0-0: Fly out, F5 (Popup, 56S, EV 84.4 MPH)
Top of the 2nd over - 0 runs, 0 hits, 0 errors, 1 left on base; San Francisco 0 - Houston 0
BOTTOM OF THE 2ND
Houston Astros batting - Pitching for San Francisco Giants : RHP D.J. Newton
Batting: LHB Caleb England 0-0: Called Strike
0-1: Ball
1-1: SINGLE (Line Drive, 78S, EV 110.6 MPH)
Batting: RHB P.J. Sandino 0-0: Foul Ball, location: 2LF
0-1: Foul Ball, location: 9LDF
0-2: Strikes out looking
Batting: LHB Austin Mitchell 0-0: Called Strike
0-1: Foul Ball, location: 5F
0-2: Ball
1-2: Strikes out swinging
Batting: RHB Nick Burkard 0-0: Called Strike
0-1: Foul Ball, location: 23F
0-2: Ground out 4-3 (Groundball, 4M, EV 106.3 MPH)
Bottom of the 2nd over - 0 runs, 1 hit, 0 errors, 1 left on base; San Francisco 0 - Houston 0
TOP OF THE 3RD
San Francisco Giants batting - Pitching for Houston Astros : LHP Jordan Dozier
Batting: LHB Jeff Edelman 0-0: Foul Ball, location: 5DF
0-1: Swinging Strike
0-2: Ball
1-2: Strikes out swinging
Batting: RHB Sebastian Schleusner 0-0: Ground out 6-3 (Groundball, 6, EV 80.6 MPH)
Batting: RHB Kaiden Clackum 0-0: Ball
1-0: Ball
2-0: Ball
3-0: Called Strike
3-1: Ground out 5-3 (Groundball, 56S, EV 78.1 MPH)
Top of the 3rd over - 0 runs, 0 hits, 0 errors, 0 left on base; San Francisco 0 - Houston 0
BOTTOM OF THE 3RD
Houston Astros batting - Pitching for San Francisco Giants : RHP D.J. Newton
Batting: RHB Nicky Alvarez 0-0: Ball
1-0: Fly out, F9 (Flyball, 9, EV 89.4 MPH)
Batting: RHB Joshua Massengill 0-0: Foul Ball, location: 5DF
0-1: Swinging Strike
0-2: Hit by Pitch
Batting: RHB Stephan Davis 0-0: Ball
1-0: Called Strike
1-1: Swinging Strike
1-2: Strikes out looking
Batting: RHB Bill Thyfault 0-0: Called Strike
0-1: SINGLE (Line Drive, 4MD, EV 102.5 MPH)
Joshua Massengill to second
Batting: RHB Rick Howard 0-0: Foul Ball, location: 2F
0-1: Ball
1-1: Fielders Choice at 2nd, 6-4 (Groundball, 6, EV 86.3 MPH)
Bottom of the 3rd over - 0 runs, 1 hit, 0 errors, 2 left on base; San Francisco 0 - Houston 0
TOP OF THE 4TH
San Francisco Giants batting - Pitching for Houston Astros : LHP Jordan Dozier
Batting: RHB Zavier Austin 0-0: Swinging Strike
0-1: Ball
1-1: Called Strike
1-2: Fly out, F7 (Flyball, 7S, EV 85.6 MPH)
Batting: RHB Theodore Phu 0-0: Ball
1-0: Swinging Strike
1-1: Ball
2-1: Swinging Strike
2-2: Foul Ball, location: 3FF
2-2: Fly out, F7 (Flyball, 7, EV 85.6 MPH)
Batting: RHB Solomon Ding 0-0: Ball
1-0: Ball
2-0: Ground out 4-3 (Groundball, 4, EV 89.4 MPH)
Top of the 4th over - 0 runs, 0 hits, 0 errors, 0 left on base; San Francisco 0 - Houston 0
BOTTOM OF THE 4TH
Houston Astros batting - Pitching for San Francisco Giants : RHP D.J. Newton
Batting: LHB Caleb England 0-0: Ground out 6-3 (Groundball, 6S, EV 94.4 MPH)
Batting: RHB P.J. Sandino 0-0: Called Strike
0-1: Ball
1-1: Ball
2-1: Swinging Strike
2-2: Strikes out swinging
Batting: LHB Austin Mitchell 0-0: Foul Ball, location: 9LSF
0-1: Foul Ball, location: 2F
0-2: Ground out U3 (Groundball, 34, EV 81.9 MPH)
Bottom of the 4th over - 0 runs, 0 hits, 0 errors, 0 left on base; San Francisco 0 - Houston 0
TOP OF THE 5TH
San Francisco Giants batting - Pitching for Houston Astros : LHP Jordan Dozier
Batting: RHB Jackson Maul 0-0: Fly out, F3 (Popup, 3L, EV 65.6 MPH)
Batting: RHB Rhett Damewood 0-0: SINGLE (Line Drive, 8RS, EV 103.1 MPH)
Batting: RHB Nolan Peterson 0-0: Grounds into double play, 6-4-3 (Groundball, 6S, EV 86.3 MPH)
Top of the 5th over - 0 runs, 1 hit, 0 errors, 0 left on base; San Francisco 0 - Houston 0
BOTTOM OF THE 5TH
Houston Astros batting - Pitching for San Francisco Giants : RHP D.J. Newton
Batting: RHB Nick Burkard 0-0: Ball
1-0: Ball
2-0: Swinging Strike
2-1: Swinging Strike
2-2: Strikes out swinging, 2-3 out at first.
Batting: RHB Nicky Alvarez 0-0: Ball
1-0: Ball
2-0: Ball
3-0: Base on Balls
Batting: RHB Joshua Massengill 0-0: Ball
1-0: Ball
2-0: Ball
3-0: Called Strike
3-1: Base on Balls
Nicky Alvarez to second
Batting: RHB Stephan Davis 0-0: Ball
1-0: Ball
2-0: Foul Ball, location: 9LMF
2-1: Foul Ball, location: 3SF
2-2: Ball
3-2: Fly out, F9 (Flyball, 9D, EV 106.3 MPH)
Runner from 2nd tags up, SAFE at 3rd, no throw by RF
Batting: RHB Bill Thyfault 0-0: Fly out, F9 (Flyball, 89M, EV 78.1 MPH)
Bottom of the 5th over - 0 runs, 0 hits, 0 errors, 2 left on base; San Francisco 0 - Houston 0
TOP OF THE 6TH
San Francisco Giants batting - Pitching for Houston Astros : LHP Jordan Dozier
Batting: LHB Jeff Edelman 0-0: Ball
1-0: Ground out 6-3 (Groundball, 4MD, EV 94.4 MPH)
Batting: RHB Sebastian Schleusner 0-0: Foul Ball, location: 3SF
0-1: Ball
1-1: Called Strike
1-2: Ball
2-2: Ground out 4-3 (Groundball, 4MD, EV 98.8 MPH)
Batting: RHB Kaiden Clackum 0-0: Called Strike
0-1: Called Strike
0-2: Ball
1-2: Strikes out looking
Top of the 6th over - 0 runs, 0 hits, 0 errors, 0 left on base; San Francisco 0 - Houston 0
BOTTOM OF THE 6TH
Houston Astros batting - Pitching for San Francisco Giants : RHP D.J. Newton
Batting: RHB Rick Howard 0-0: Called Strike
0-1: Ball
1-1: Foul Ball, location: 3SF
1-2: Foul Ball, location: 7LSF
1-2: Ground out 5-3 (Groundball, 56S, EV 90.0 MPH)
Batting: LHB Caleb England 0-0: Ground out 6-3 (Groundball, 6M, EV 84.4 MPH)
Batting: RHB P.J. Sandino 0-0: Called Strike
0-1: Ball
1-1: SINGLE (Groundball, 4MD, EV 104.4 MPH)
Batting: LHB Austin Mitchell 0-0: Swinging Strike
0-1: Swinging Strike
0-2: Ball
1-2: Ball
2-2: Foul Ball, location: 7LMF
2-2: Ball
3-2: Ground out 5-3 (Groundball, 56, EV 93.8 MPH)
Bottom of the 6th over - 0 runs, 1 hit, 0 errors, 1 left on base; San Francisco 0 - Houston 0
TOP OF THE 7TH
San Francisco Giants batting - Pitching for Houston Astros : LHP Jordan Dozier
Batting: RHB Zavier Austin 0-0: Ball
1-0: Swinging Strike
1-1: Ball
2-1: SOLO HOME RUN (Flyball, 9D, EV 100.0 MPH), Distance : 402 ft
Batting: RHB Theodore Phu 0-0: Ground out 4-3 (Groundball, 4D, EV 108.1 MPH)
Batting: RHB Solomon Ding 0-0: Reached on error, E6 (Groundball, 6D, EV 102.5 MPH)
Batting: RHB Jackson Maul 0-0: Swinging Strike
0-1: Ball
1-1: Called Strike
1-2: Fly out, F5 (Popup, 5SF, EV 81.9 MPH)
Batting: RHB Rhett Damewood 0-0: Ball
1-0: Foul Ball, location: 5FF
1-1: Fly out, F9 (Line Drive, 9, EV 96.9 MPH)
Top of the 7th over - 1 run, 1 hit, 1 error, 1 left on base; San Francisco 1 - Houston 0
BOTTOM OF THE 7TH
Houston Astros batting - Pitching for San Francisco Giants : RHP D.J. Newton
Pitching: RHP Luther Diamond
Batting: RHB Nick Burkard 0-0: Ball
1-0: Called Strike
1-1: Foul Ball, location: 9LDF
1-2: Foul Ball, location: 2F
1-2: Ball
2-2: Foul Ball, location: 5F
2-2: Ground out 6-3 (Groundball, 6, EV 110.6 MPH)
Batting: RHB Nicky Alvarez 0-0: Ball
1-0: Foul Ball, location: 9LDF
1-1: SINGLE (Line Drive, 89S, EV 110.0 MPH)
Batting: RHB Joshua Massengill 0-0: Ball
1-0: Fly out, F2 (Popup, 2RF, EV 94.4 MPH)
Batting: RHB Stephan Davis 0-0: Fly out, F8 (Line Drive, 8LD, EV 86.3 MPH)
Bottom of the 7th over - 0 runs, 1 hit, 0 errors, 1 left on base; San Francisco 1 - Houston 0
TOP OF THE 8TH
San Francisco Giants batting - Pitching for Houston Astros : LHP Jordan Dozier
Batting: RHB Nolan Peterson 0-0: Foul Ball, location: 3SF
0-1: Ball
1-1: SINGLE (Groundball, 4MD, EV 106.3 MPH)
Batting: LHB Jeff Edelman 0-0: Ball
1-0: Foul Ball, location: 3F
1-1: Foul Ball, location: 2F
1-2: Foul Ball, location: 7LMF
1-2: Ball
2-2: Grounds into double play, 6-4-3 (Groundball, 6MD, EV 105.0 MPH)
Batting: RHB Sebastian Schleusner 0-0: Foul Ball, location: 2F
0-1: Ball
1-1: Ground out 6-3 (Groundball, 6MD, EV 103.8 MPH)
Top of the 8th over - 0 runs, 1 hit, 0 errors, 0 left on base; San Francisco 1 - Houston 0
BOTTOM OF THE 8TH
Houston Astros batting - Pitching for San Francisco Giants : RHP Luther Diamond
Batting: RHB Bill Thyfault 0-0: Foul Ball, location: 3SF
0-1: SINGLE (Groundball, 6MD, EV 95.6 MPH)
Batting: LHB Burl Shearer 0-0: Fielders Choice at 2nd, 6-4 (Groundball, 6, EV 103.8 MPH)
Batting: LHB Caleb England 0-0: Ball
1-0: Ball
2-0: Ball
3-0: Base on Balls
Burl Shearer to second
Pinch Hitting: LHB Fallon Harrigan 0-0: Ball
1-0: Called Strike
1-1: Foul Ball, location: 7LDF
1-2: Strikes out swinging
Batting: LHB Austin Mitchell 0-0: Ball
1-0: Ground out 4-3 (Groundball, 4M, EV 89.4 MPH)
Bottom of the 8th over - 0 runs, 1 hit, 0 errors, 2 left on base; San Francisco 1 - Houston 0
TOP OF THE 9TH
San Francisco Giants batting - Pitching for Houston Astros : LHP Jordan Dozier
Now at 1B: Austin Mitchell
Now in LF: Fallon Harrigan
Batting: RHB Kaiden Clackum 0-0: Ball
1-0: Foul Ball, location: 2F
1-1: Foul Ball, location: 9LSF
1-2: Foul Ball, location: 2F
1-2: Foul Ball, location: 23FF
1-2: Ball
2-2: Ground out 5-3 (Groundball, 5S, EV 74.4 MPH)
Batting: RHB Zavier Austin 0-0: Foul Ball, location: 3FF
0-1: SINGLE (Line Drive, 89S, EV 105.0 MPH)
Batting: RHB Theodore Phu 0-0: Called Strike
0-1: Swinging Strike
0-2: Ball
1-2: Ground out 5-3 (Groundball, 56S, EV 63.1 MPH)
Zavier Austin to second
Batting: RHB Solomon Ding 0-0: Called Strike
0-1: Ball
1-1: Foul Ball, location: 5FF
1-2: SINGLE (Line Drive, 4M, EV 94.4 MPH)
Zavier Austin to third
Runner from 3rd tries for Home, SAFE, throw by CF to home
Solomon Ding to second
Pitching: RHP Austin Norris
Batting: RHB Jackson Maul 0-0: Ball
1-0: Swinging Strike
1-1: Ball
2-1: Called Strike
2-2: Foul Ball, location: 23F
2-2: Foul Ball, location: 2F
2-2: Foul Ball, location: 25FF
2-2: Strikes out swinging
Top of the 9th over - 1 run, 2 hits, 0 errors, 1 left on base; San Francisco 2 - Houston 0
BOTTOM OF THE 9TH
Houston Astros batting - Pitching for San Francisco Giants : RHP Luther Diamond
Pitching: LHP Arturo Frank
Batting: RHB Nick Burkard 0-0: Foul Ball, location: 3DF
0-1: Ball
1-1: Ball
2-1: Foul Ball, location: 5FF
2-2: Ground out 5-3 (Groundball, 56S, EV 100.6 MPH)
Batting: RHB Nicky Alvarez 0-0: Ball
1-0: Foul Ball, location: 2F
1-1: Swinging Strike
1-2: Fly out, F7 (Flyball, 7S, EV 95.6 MPH)
Batting: RHB Joshua Massengill 0-0: Ground out 1-3 (Groundball, 15, EV 72.5 MPH)
Bottom of the 9th over - 0 runs, 0 hits, 0 errors, 0 left on base; San Francisco 2 - Houston 0
Monday, April 22nd , 2024 - OOTP Baseball 24.11 Build 85